 Dungeon Crawl Stone Soup version 0.31-a0-344-gd109795599 (webtiles) character file.

Game seed: 13566584102818228963

91 AdnanSaban the Covered (level 4, 0/29 HPs)
             Began as a Gargoyle Fighter on July 22, 2023.
             Slain by Terence
             ... wielding a +0 flail
              (8 damage)
             ... on level 3 of the Dungeon.
             The game lasted 00:01:30 (1494 turns).

AdnanSaban the Covered (Gargoyle Fighter)           Turns: 1494, Time: 00:01:30

Health: 0/29       AC: 10    Str: 22    XL:     4   Next: 59%
Magic:  4/4        EV:  9    Int:  8    God:
Gold:   113        SH:  4    Dex:  9    Spells: 3/3 levels left

rFire   . . .        a - +0 flail
rCold   . . .        c - +0 buckler
rNeg    + . .        b - +0 scale mail
rPois   ∞            (no helmet)
rElec   +            (no cloak)
rCorr   .            (no gloves)
SInv    .            (no boots)
Will    .....        (no amulet) Stlth
                     (no ring)
HPRegen 0.24/turn    (no ring)
MPRegen 0.09/turn

%: no passive effects
@: no status effects
A: sickness immunity, AC +3, negative energy resistance 1, electricity
resistance, torment resistance 1, petrification resistance
a: no special abilities


You were on level 3 of the Dungeon.
You visited 1 branch of the dungeon, and saw 3 of its levels.

You collected 113 gold pieces.

Inventory:

Hand Weapons
 a - a +0 flail (weapon)
Armour
 b - a +0 scale mail (worn)
 c - a +0 buckler (worn)
Scrolls
 e - a scroll of fear {unknown}
 g - 2 scrolls of immolation {unknown}
 h - a scroll of noise {unknown}
 i - 3 scrolls of identify {unknown}
 n - 3 scrolls of blinking {unknown}
Potions
 d - a potion of might
 f - a potion of ambrosia {unknown}
 j - a potion of mutation {unknown}
 k - a potion of curing {unknown}
 l - a potion of enlightenment {unknown}
 m - a potion of degeneration {unknown}
 o - a potion of invisibility {unknown}
 p - a potion of heal wounds {unknown}


   Skills:
 + Level 3.8 Fighting
 + Level 3.0 Maces & Flails
 + Level 3.9 Armour
 + Level 0.6 Dodging
 + Level 3.9 Shields


You had 3 spell levels left.
You didn't know any spells.
Your spell library contained the following spells:

 Spells                   Type           Power      Damage    Failure   Level
 Magic Dart               Conj           0%         1d3       80%         1
 Call Imp                 Summ           0%         N/A       90%         2
 Wereblood                Tmut           0%         N/A       90%         2
 Mephitic Cloud           Conj/Pois/Air  0%         N/A       99%         3
 Summon Hydra             Summ           0%         N/A       100%        7
 Sublimation of Blood     Necr           Unusable   N/A       N/A         2

Dungeon Overview and Level Annotations

Branches:
Dungeon (3/15)

Altars:

Shops:
D:2 *

Annotations:
D:3 2 transporters, Terence


Innate Abilities, Weirdness & Mutations

You are immune to sickness and miasma.
Your stone body is resilient. (AC +3)
You are immune to poison.
You resist negative energy. (rN+)
You are resistant to electric shocks. (rElec)
You are resistant to unholy torment.
You are immune to petrification.


Message History

You barely miss Terence.
Terence says, "You're history."
Terence hits you with a +0 flail.
A kobold comes into view.
It is wielding a +0 whip and carrying a wand of iceblast.
You are too injured to fight recklessly!
You are too injured to fight recklessly!
You are too injured to fight recklessly!
You are too injured to fight recklessly!
You are too injured to fight recklessly!
You are too injured to fight recklessly!
You are too injured to fight recklessly!
You are too injured to fight recklessly!
You are too injured to fight recklessly!
You are too injured to fight recklessly!
You are too injured to fight recklessly!
You are too injured to fight recklessly!
You are too injured to fight recklessly!
You are too injured to fight recklessly!
You are too injured to fight recklessly!
You are too injured to fight recklessly!
You are too injured to fight recklessly!
You are too injured to fight recklessly!
The kobold shouts!
You hit Terence but do no damage. You block Terence's attack.
You hit Terence but do no damage. Terence closely misses you.
Terence hits you but does no damage.
You hit Terence.
Terence is moderately wounded.
Terence hits you with a +0 flail!
* * * LOW HITPOINT WARNING * * *
You thump Terence!
Terence is severely wounded.
Terence barely misses you.
You hit Terence.
Terence is severely wounded.
You block Terence's attack.
You hit Terence but do no damage.
Terence is severely wounded.
Terence hits you with a +0 flail!
You die... .<..... ## ..... .## ..... ..# ... ... .K. ... #l# ### #@# # 5oo P

#@# .#.
≈≈≈≈≈≈≈#.P#..###.###....
..~~~..#..#..##......# .
..~⌠P..+/©#©......####..
..~~~..#..#..###..# ..
≈≈≈≈≈≈≈#.P#.# #..# ..
55...55#P8#.# #.##.#
###########.####.#..#...
........................


You could see Terence, a kobold and a frilled lizard.

Vanquished Creatures
  3 adders
  2 worms (D:2)
  A dart slug (D:1)
  4 ball pythons
  5 endoplasms
  4 goblins
  5 hobgoblins
  6 jackals
  5 quokkas
  2 bats (D:1)
  5 frilled lizards
  6 kobolds
  7 rats
55 creatures vanquished.

Notes
Turn   | Place    | Note
-------+----------+-------------------------------------------
     0 | D:1      | AdnanSaban the Gargoyle Fighter began the quest for the
                  | Orb.
     0 | D:1      | Reached XP level 1. HP: 14/14 MP: 1/1
    32 | D:1      | Reached XP level 2. HP: 15/19 MP: 2/2
   518 | D:1      | Reached XP level 3. HP: 23/23 MP: 3/3
   850 | D:2      | Found Arhelet's General Store.
  1068 | D:2      | Reached XP level 4. HP: 29/29 MP: 4/4
  1366 | D:3      | Found a transporter.
  1391 | D:3      | Noticed a kobold demonologist
  1445 | D:3      | Found a transporter.
  1477 | D:3      | Noticed Terence
  1494 | D:3      | Slain by Terence

Illustrated notes

Levels and vault maps discovered:
D:1:      dpeg_arrival_brainrot, layout_loops_ring
D:2:      layout_rooms, serial_shops, shop, eino_tiny_chamber
D:3:      gammafunk_wand_slinger, layout_rooms, grunt_temple_overflow_open,
          uniq_terence

Skill      XL: |  1  2  3  4 |
---------------+-------------+-----
Maces & Flails | 3 |  3.0
Fighting       | |  3.8
Armour         | |  3.9
Dodging        | |  0.6
Shields        | |  3.9

Action                     |  1- 3 |  4- 6 || total
---------------------------+-------+-------++-------
  Melee: Flail             |    93 |    68 ||   161
 Armour: Scale mail        |    59 |    36 ||    95
  Dodge: Dodged            |    34 |    44 ||    78
  Block: Buckler           |    27 |    17 ||    44

Table legend: (Time is in decaauts)
 A = Elapsed time spent in this place.
 B = Non-inter-level travel time spent in this place.
 C = Inter-level travel time spent in this place.
 D = Time resting spent in this place.
 E = Time spent auto-exploring this place.
 F = Levels seen in this place.
 G = Mean time per level.
                   A        B        C        D        E       F      G
               +--------+--------+--------+--------+--------+-----+--------+
         Total |   1541 |   1485 |     56 |      0 |   1134 |   3 |  513.7 |
       Dungeon |   1541 |   1485 |     56 |      0 |   1134 |   3 |  513.7 |
               +--------+--------+--------+--------+--------+-----+--------+

Top non-repeatable levels by time:
     D:1: 805 daAuts
     D:2: 598 daAuts
     D:3: 137 daAuts
